 Dungeon Crawl Stone Soup version 0.17.0-28-g6e173f8 (webtiles) character file.

152 dohliylev the Covert (level 5, 0/38 HPs)
             Began as a Vampire Assassin on Nov 29, 2015.
             Slain by homeworkjunkie's ghost (3 damage)
             ... in a sewer.
             The game lasted 00:09:51 (2044 turns).

dohliylev the Covert (Vampire Assassin)             Turns: 2044, Time: 00:09:51

Health: 0/38       AC:  3    Str: 10    XL:     5   Next: 11%
Magic:  14/14      EV:  8    Int: 13    God:
Gold:   96         SH:  0    Dex: 17    Spells: 0 memorised, 4 levels left

rFire  + . .     SeeInvis +     a - +2 dagger
rCold  x . .     Clarity  .     c - +0 robe
rNeg   . . .     SustAt   .     (no shield)
rPois  .         Gourm    .     (no helmet)
rElec  .         Spirit   .     d - +0 cloak
rCorr  .         Warding  .     (no gloves)
rMut   .         Stasis   .     (no boots)
MR     .....                    (no amulet)
Stlth  +++++.....               u - ring of magical power
                                p - ring of fire

@: regenerating quickly, not resistant to hostile enchantments, quite stealthy
A: fangs 3, see invisible, unbreathing
a: no special abilities


You were in a sewer.
You were very full.

You visited 1 branch of the dungeon, and saw 4 of its levels.
You also visited: Sewer.

You collected 96 gold pieces.

Inventory:

Hand Weapons
 a - a +2 dagger (weapon)
 b - a +0 blowgun
 r - a +0 dagger of venom
Missiles
 e - 6 poisoned needles
 f - 2 curare-tipped needles
Armour
 c - a +0 robe (worn)
 d - a +0 cloak (worn)
Jewellery
 p - a ring of fire (left hand)
 u - a ring of magical power (right hand)
Wands
 q - a wand of polymorph (0)
Scrolls
 i - 3 scrolls of identify {unknown}
 j - a scroll of amnesia {unknown}
 l - 2 scrolls of immolation {unknown}
 m - 2 scrolls of recharging {unknown}
 n - a scroll of remove curse {unknown}
 t - a scroll of random uselessness {unknown}
 v - a scroll of teleportation {unknown}
Potions
 g - 6 potions of blood
 h - a potion of mutation {unknown}
 k - 2 potions of heal wounds {unknown}
 o - 2 potions of poison {unknown}
 s - a potion of lignification {unknown}


   Skills:
 * Level 2.1 Fighting
 + Level 2.6 Short Blades
 + Level 1.8 Throwing
 * Level 2.5 Dodging
 * Level 8.3 Stealth


You had 4 spell levels left.
You didn't know any spells.

Dungeon Overview and Level Annotations

Branches:
Dungeon (4/15)
 Temple: D:4-7

Altars:
Ashenzari

Annotations:
Sewer homeworkjunkie's ghost, amateur SpAs


Innate Abilities, Weirdness & Mutations

Your natural rate of healing is unusually fast.
You have razor-sharp teeth.
You have supernaturally acute eyesight.
You can survive without breathing.


Message History

You hit the kobold but do no damage.
The kobold is heavily wounded.
The kobold hits you but does no damage. The jackal closely misses you.
The jackal closely misses you. The kobold hits you but does no damage.
You hit the kobold.
You kill the kobold!
Homeworkjunkie's ghost closely misses you.
The jackal bites you. The jackal closely misses you. The kobold misses you.
The kobold hits you but does no damage. The jackal bites you.
* * * LOW HITPOINT WARNING * * *
The jackal closely misses you. Homeworkjunkie's ghost hits you.
* * * LOW HITPOINT WARNING * * *
The kobold hits you with a whip.
* * * LOW HITPOINT WARNING * * *
There is a gate leading back out of this place, spattered with blood here.
Things that are here:
a club; a kobold corpse The jackal barely misses you. x2
The kobold hits you but does no damage. Homeworkjunkie's ghost hits you.
You die...

######
#(hh.#
#.∩@K#
#.WK.#
###..#
.....
≈≈≈≈≈≈
#....≈..#
####.####
≈#


You could see homeworkjunkie's ghost, 2 jackals and 2 kobolds.

Vanquished Creatures
  A worker ant (D:4)
  5 adders
  An ooze (D:2)
  2 worms
  4 giant geckos
  An orc (D:3)
  10 giant cockroaches
  13 hobgoblins
  3 quokkas
  3 ball pythons
  6 bats
  A giant gecko skeleton (D:3)
  7 goblins
  14 kobolds
  4 rats
75 creatures vanquished.

Notes
Turn   | Place    | Note
--------------------------------------------------------------
     0 | D:1      | dohliylev the Vampire Assassin began the quest for the Orb.
     0 | D:1      | Reached XP level 1. HP: 16/16 MP: 1/1
    60 | D:1      | Reached skill level 6 in Stealth
   177 | D:1      | Reached XP level 2. HP: 22/22 MP: 2/2
   730 | D:2      | Reached XP level 3. HP: 27/27 MP: 3/3
   739 | D:2      | Reached skill level 7 in Stealth
  1291 | D:2      | Reached XP level 4. HP: 33/33 MP: 4/4
  1560 | D:3      | Found a shattered altar of Ashenzari.
  1812 | D:3      | Reached skill level 8 in Stealth
  1956 | D:4      | Reached XP level 5. HP: 29/38 MP: 5/5
  1966 | D:4      | Found a glowing drain.
  2026 | Sewer    | Entered a sewer
  2026 | Sewer    | Noticed homeworkjunkie's ghost (amateur SpAs)
  2044 | Sewer    | Slain by homeworkjunkie's ghost

Action                   |  1- 3 |  4- 6 || total
-------------------------+-------+-------++-------
Melee: Dagger            |   101 |    61 ||   162
 Fire: Blowgun           |       |    14 ||    14
Evoke: Wand              |       |     5 ||     5
 Stab: Sleeping          |    15 |    15 ||    30
       Distracted        |     1 |       ||     1
  Eat: Corpse            |    13 |     4 ||    17
